Map: Acid Plant LE

Players

Stats

  • Race: Protoss Protoss
  • League: Master
  • Spawn Location: 5:00

지면서배우자 (Rogue) - Winner!

  • Race: Zerg Zerg
  • League: Master
  • Spawn Location: 11:00

VOD

Have the link to the VOD?

Description

Time

  • Played on: Oct. 1, 2018, 7:54 a.m.
  • Length: 11:30
Show
View Real Time Build Order
Export as new Build Order

Stats Protoss 

Build Orders: 1 Gate Expand, Oracle Opening, Phoenix Opening, Archon Immortal 

Get SALT Encoding   

  12  0:00  Probe  
  13  0:13  Probe  
  14  0:20  Pylon  
  14  0:25  Probe  
  15  0:34  Probe  
  15  0:42  Probe, Gateway  
  16  0:47  Assimilator  
  17  0:52  Probe  
  18  1:04  Probe  
  19  1:16  Probe  
  20  1:24  Nexus  
  20  1:34  Cybernetics Core  
  20  1:37  Probe  
  21  1:43  Assimilator  
  21  1:49  Probe  
  21  1:54  Pylon  
  22  2:01  Probe  
  22  2:04  Adept  
  23  2:14  Probe  
  26  2:17  Stargate  
  26  2:25  Warp Gate  
  26  2:26  Probe  
  27  2:31  Adept  
  27  2:32  Probe  
  27  2:34  Probe  
  30  2:40  Probe  
  30  2:42  Probe  
  31  2:51  Probe  
  33  2:53  Probe  
  33  2:55  Phoenix  
  35  3:03  Probe  
  35  3:05  Probe  
  39  3:11  Pylon  
  39  3:15  Probe  
  39  3:17  Oracle, Probe  
  41  3:22  Assimilator  
  44  3:27  Probe  
  44  3:29  Probe  
  44  3:31  Gateway  
  46  3:36  Gateway  
  46  3:39  Probe  
  47  3:42  Probe  
  47  3:45  Twilight Council  
  47  3:48  Adept  
  50  3:53  Probe  
  50  3:54  Probe  
  52  3:56  Resonating Glaives, Assimilator  
  52  4:02  Pylon  
  52  4:05  Pylon  
  52  4:09  Probe x2  
  54  4:21  Probe x2  
  56  4:29  Adept x2  
  60  4:33  Adept  
  62  4:39  Robotics Facility  
  62  4:42  Pylon  
  62  4:43  Probe x2  
  64  4:52  Adept x2  
  66  4:54  Adept  
  70  5:07  Probe x2  
  70  5:12  Pylon  
  70  5:13  Adept  
  70  5:14  Adept x2, Pylon  
  75  5:20  Pylon  
  77  5:23  Nexus  
  77  5:33  Probe x2  
  77  5:34  Pylon  
  79  5:37  Observer  
  79  5:39  Sentry  
  79  5:40  Sentry x2  
  86  5:43  Robotics Facility  
  80  5:58  Probe x2  
  78  6:08  Warp Prism  
  78  6:10  Probe x2  
  82  6:12  Forge  
  82  6:13  Forge  
  82  6:15  Templar Archives  
  82  6:22  Probe x2  
  84  6:29  Protoss Ground Weapons Level 1  
  84  6:30  Shield Battery  
  84  6:34  Probe x2  
  84  6:35  Probe  
  84  6:36  Gateway  
  84  6:37  Gateway  
  87  6:40  Gateway  
  87  6:41  Shield Battery  
  87  6:42  Pylon  
  87  6:44  Assimilator  
  87  6:45  Assimilator  
  87  6:46  Probe x2  
  89  6:47  Psionic Storm, Probe  
  90  6:58  Probe x2  
  90  6:59  Probe  
  93  7:05  High Templar x3  
  99  7:09  Gateway  
  99  7:11  Probe  
  99  7:12  Gateway  
  99  7:14  Gateway  
  100  7:16  Photon Cannon  
  100  7:20  Charge  
  100  7:22  Photon Cannon  
  100  7:24  Probe  
  100  7:27  Photon Cannon  
  100  7:28  Shield Battery  
  101  7:36  High Templar  
  101  7:37  High Templar x2  
  107  7:38  Zealot  
  107  7:39  Zealot x2  
  113  7:46  Photon Cannon  
  113  7:47  Photon Cannon  
  113  8:00  Immortal x2  
  113  8:05  Nexus  
  117  8:07  Pylon  
  121  8:16  Pylon  
  121  8:19  Photon Cannon  
  121  8:20  Photon Cannon, Protoss Ground Weapons Level 2  
  121  8:22  Zealot  
  121  8:23  Gateway  
  123  8:33  Immortal  
  123  8:34  Immortal  
  123  8:39  High Templar x2  
  135  8:46  Photon Cannon  
  135  8:47  Photon Cannon  
  135  8:51  Shield Battery  
  135  8:52  Shield Battery  
  135  8:53  Photon Cannon, Archon  
  135  8:54  High Templar x2  
  139  9:04  Immortal x2  
  139  9:15  Fleet Beacon  
  147  9:18  Assimilator  
  147  9:23  Assimilator  
  147  9:26  Stargate  
  147  9:31  Probe x3  
  150  9:32  Probe  
  151  9:40  High Templar x2  
  151  9:41  Archon  
  151  9:44  Archon  
  155  9:48  Probe  
  155  9:49  Probe x3  
  162  10:08  Stalker  
  162  10:14  Probe x3, Pylon  
  160  10:15  Pylon  
  160  10:17  Pylon  
  160  10:18  Pylon  
  145  10:22  Probe x2, Stalker x2  
  145  10:26  Probe  
  138  10:30  Probe x2  
  140  10:38  Probe  
  153  10:45  Probe x2  
  155  10:50  Probe  
  156  10:57  Probe x2  
Show
View Real Time Build Order
Export as new Build Order

지면서배우자 Zerg - Winner!

Build Orders: Hatch First 

Get SALT Encoding   

  12  0:00  Drone  
  13  0:12  Overlord  
  13  0:16  Drone  
  14  0:31  Drone x2  
  14  0:34  Drone  
  17  0:51  Hatchery  
  17  0:54  Drone  
  17  0:57  Drone  
  18  1:08  Extractor  
  17  1:12  Spawning Pool  
  17  1:15  Drone  
  17  1:18  Drone  
  18  1:28  Drone  
  19  1:39  Drone  
  20  1:47  Hatchery  
  20  1:51  Drone  
  20  2:00  Drone  
  21  2:04  Drone  
  21  2:07  Queen  
  24  2:14  Metabolic Boost  
  24  2:18  Drone  
  24  2:20  Drone  
  26  2:25  Overlord  
  26  2:29  Zergling x2  
  27  2:33  Zergling x2  
  28  2:43  Queen, Zergling x2  
  31  2:46  Queen  
  31  2:49  Drone  
  35  2:51  Drone  
  35  2:54  Drone  
  36  2:59  Drone  
  36  3:02  Drone  
  37  3:05  Queen  
  37  3:10  Overlord  
  39  3:13  Drone x2  
  41  3:20  Overlord  
  41  3:29  Drone x6  
  41  3:32  Overlord  
  47  3:37  Evolution Chamber  
  47  3:38  Overlord  
  46  3:44  Zergling x4, Spore Crawler  
  47  3:49  Queen  
  47  3:52  Spore Crawler  
  48  3:57  Drone  
  48  3:58  Drone  
  48  3:59  Drone x2  
  52  4:04  Overlord  
  52  4:07  Zergling x6  
  55  4:12  Drone x2  
  55  4:13  Drone x2  
  55  4:16  Zerg Melee Weapons Level 1  
  59  4:21  Drone x3  
  62  4:24  Drone x2  
  62  4:29  Drone x2  
  62  4:30  Drone  
  65  4:35  Extractor  
  65  4:38  Extractor, Baneling Nest  
  63  4:44  Overlord  
  63  4:45  Drone x2  
  63  4:46  Drone x4  
  63  4:47  Drone x2  
  70  4:53  Zergling x4  
  70  4:58  Overlord x2  
  72  5:05  Zergling x14  
  79  5:11  Extractor  
  79  5:13  Lair  
  78  5:16  Extractor, Zergling x2  
  78  5:17  Zergling x4  
  80  5:26  Zergling x2  
  80  5:27  Zergling x8  
  84  5:28  Baneling x4  
  84  5:30  Zergling x2  
  84  5:31  Zergling x2, Spine Crawler  
  84  5:33  Spine Crawler  
  84  5:34  Zergling x4  
  86  5:41  Baneling x4  
  85  5:44  Zergling x10  
  85  5:47  Drone  
  85  5:48  Drone  
  85  5:49  Drone  
  92  5:55  Drone x3  
  86  6:02  Drone  
  86  6:03  Drone x4  
  87  6:05  Drone  
  87  6:08  Overlord  
  87  6:09  Pneumatized Carapace  
  88  6:12  Drone x3  
  88  6:13  Drone  
  92  6:18  Hydralisk Den  
  92  6:20  Extractor  
  90  6:34  Drone x3  
  90  6:35  Hatchery, Drone x2  
  90  6:36  Drone x4  
  98  6:46  Drone, Zerg Melee Weapons Level 2  
  99  6:47  Centrifical Hooks  
  99  6:48  Grooved Spines  
  99  6:52  Drone x2  
  99  6:53  Drone x4  
  105  6:55  Overlord  
  105  7:00  Overseer  
  105  7:03  Extractor  
  105  7:06  Extractor  
  105  7:07  Overlord x3  
  103  7:25  Hatchery  
  102  7:30  Hatchery  
  102  7:35  Hydralisk x9  
  119  7:40  Drone x4  
  119  7:41  Drone  
  119  7:42  Drone  
  125  7:54  Drone  
  124  7:59  Drone x4  
  124  8:00  Drone x6  
  124  8:04  Muscular Augments  
  133  8:15  Hydralisk x5  
  143  8:22  Drone  
  143  8:23  Overlord x3  
  143  8:24  Overlord x2  
  143  8:25  Spine Crawler, Spore Crawler  
  142  8:36  Overlord x2  
  138  8:45  Zergling x6, Hydralisk  
  138  8:46  Zergling x14, Hydralisk x4  
  152  8:50  Overseer  
  152  8:58  Baneling x4  
  152  8:59  Drone x2  
  154  9:03  Zergling x28  
  168  9:13  Baneling x17  
  168  9:14  Baneling x3  
  168  9:18  Infestation Pit  
  168  9:19  Zerg Missile Weapons Level 1  
  168  9:20  Zergling x18  
  168  9:24  Drone x5  
  181  9:42  Baneling  
  181  9:43  Baneling x23  
  181  9:44  Zergling x2  
  181  9:45  Zergling x24  
  194  9:55  Zergling x4  
  194  9:56  Zergling x8  
  189  10:07  Baneling x2  
  189  10:08  Zergling x20  
  195  10:25  Overlord x2  
  193  10:31  Baneling x30, Spire  
  193  10:32  Baneling x7, Overlord  
  192  10:38  Overlord x2  
  192  10:41  Baneling x13  
  192  10:43  Overseer  
  192  10:45  Overseer  
  192  10:48  Spine Crawler x2, Zergling x10  
  195  10:52  Zergling x2  
  195  10:53  Hatchery  
  195  10:54  Zergling x2  
  195  10:56  Zergling x2  
  173  11:06  Zergling x14  
  173  11:07  Zergling x24  
  173  11:08  Zergling x14  
  173  11:10  Zergling x4  
Tags
 
Add a new tag
Caveats
  • Supply blocks, unpowered buildings, or Contaminate may cause inaccurate times.
  • Supply counts are checked every 10 seconds.